Map: Deathaura LE

Players

A.I. 1 (Very Easy) - Winner!

  • Race: Protoss Protoss
  • Spawn Location: 5:00

Duke

  • Race: Terran Terran
  • League: Diamond
  • Spawn Location: 11:00

VOD

Have the link to the VOD?

Description

Raven Tank Rine Viking Timing

Time

  • Played on: Jan. 21, 2021, 7:38 p.m.
  • Length: 8:47
Show
View Real Time Build Order
Export as new Build Order

A.I. 1 (Very Easy) Protoss - Winner!

Build Orders: 1 Gate Expand, Nexus First 

Get SALT Encoding   

  12  0:00  Probe  
  13  0:13  Probe  
  14  0:20  Pylon  
  14  0:42  Gateway  
  14  1:00  Nexus  
  14  1:19  Pylon  
  14  1:22  Assimilator  
  14  1:23  Zealot  
  16  1:33  Probe  
  16  1:36  Cybernetics Core  
  17  1:42  Probe  
  18  1:51  Probe  
  18  2:00  Probe  
  19  2:03  Assimilator  
  20  2:09  Probe  
  20  2:13  Stalker  
  23  2:15  Probe  
  24  2:24  Warp Gate  
  24  2:25  Probe  
  24  2:29  Probe  
  26  2:47  Probe  
  26  2:48  Assimilator  
  26  2:51  Pylon  
  27  2:54  Probe  
  28  3:01  Probe  
  28  3:05  Probe  
  30  3:13  Robotics Facility  
  30  3:14  Probe  
  30  3:19  Probe  
  31  3:26  Probe  
  32  3:28  Adept  
  35  3:37  Probe  
  36  3:44  Probe  
  37  3:51  Probe  
  38  3:58  Probe  
  38  4:01  Observer  
  40  4:06  Probe  
  40  4:07  Assimilator  
  40  4:09  Probe  
  42  4:20  Probe  
  42  4:23  Observer, Probe  
  44  4:30  Pylon  
  45  4:34  Probe  
  46  4:41  Probe  
  46  4:45  Sentry  
  49  4:49  Probe  
  50  7:47  Zealot  
  50  7:48  Observer  
  42  8:11  Observer  
  44  8:34  Probe  
  44  8:37  Pylon  
Show
View Real Time Build Order
Export as new Build Order

Duke Terran 

Build Orders:  

Get SALT Encoding   

  12  0:00  SCV  
  13  0:12  SCV  
  14  0:17  Supply Depot  
  14  0:24  SCV  
  15  0:38  SCV  
  15  0:39  Barracks  
  15  0:42  Refinery  
  16  0:51  SCV  
  17  1:03  SCV  
  18  1:15  SCV  
  19  1:26  Marine  
  19  1:27  Orbital Command  
  20  1:37  Command Center  
  20  1:44  Supply Depot  
  20  1:47  Marine  
  20  1:52  SCV  
  22  1:56  Refinery  
  22  2:04  SCV  
  23  2:11  Barracks Reactor  
  23  2:16  SCV  
  23  2:20  Factory  
  24  2:29  SCV  
  25  2:38  Refinery  
  25  2:40  Refinery  
  25  2:41  SCV  
  26  2:48  Marine x2  
  26  2:49  Orbital Command  
  28  2:53  SCV  
  29  3:04  Factory Tech Lab  
  29  3:05  SCV  
  30  3:06  Marine x2  
  30  3:07  Starport  
  32  3:14  SCV  
  32  3:17  SCV  
  34  3:22  Siege Tank  
  34  3:25  Marine x2  
  34  3:27  SCV  
  40  3:29  Supply Depot  
  40  3:31  SCV  
  41  3:39  SCV  
  42  3:42  Supply Depot  
  42  3:43  Marine x2  
  42  3:44  Starport Tech Lab  
  42  3:46  SCV  
  45  3:51  SCV  
  45  3:54  Siege Tank  
  49  3:56  Supply Depot  
  49  4:00  Marine  
  49  4:01  SCV, Marine  
  52  4:03  SCV  
  52  4:06  Raven  
  55  4:12  Supply Depot  
  55  4:13  SCV  
  55  4:15  SCV  
  57  4:18  Marine x2  
  59  4:26  SCV, Siege Tank  
  59  4:27  SCV  
  64  4:36  Marine x2  
  64  4:38  SCV, Barracks  
  67  4:41  SCV  
  67  4:43  Supply Depot  
  68  4:49  Raven  
  68  4:50  SCV  
  71  4:53  SCV  
  71  4:54  Marine x2  
  74  5:01  Siege Tank  
  74  5:03  SCV  
  74  5:05  Command Center  
  74  5:06  SCV  
  79  5:09  Supply Depot  
  79  5:13  Marine x2  
  81  5:15  SCV  
  81  5:18  Supply Depot, SCV  
  83  5:27  SCV, Marine  
  85  5:33  Cyclone  
  85  5:35  SCV  
  89  5:38  Viking x2  
  89  5:39  Marine  
  89  5:41  Supply Depot  
  94  5:42  Stimpack  
  94  5:44  SCV  
  94  5:46  Barracks Reactor  
  95  5:51  SCV  
  96  5:57  Engineering Bay, Marine  
  96  6:00  SCV  
  98  6:05  Siege Tank  
  98  6:07  SCV  
  98  6:08  Viking x2  
  106  6:12  Refinery x2  
  106  6:13  SCV  
  106  6:15  Marine  
  108  6:19  SCV  
  108  6:24  Marine x2  
  111  6:26  SCV  
  111  6:27  Supply Depot  
  111  6:32  Planetary Fortress  
  112  6:33  SCV, Marine  
  112  6:37  Siege Tank  
  112  6:39  SCV  
  118  6:42  Medivac  
  118  6:45  SCV  
  121  6:47  Marine x2  
  121  6:49  Medivac  
  121  6:51  SCV, Marine  
  127  6:55  Supply Depot  
  127  7:01  SCV  
  128  7:05  Marine  
  128  7:08  Marine  
  129  7:09  SCV x2  
  129  7:15  Marine  
  133  7:16  Supply Depot, SCV, Siege Tank  
  133  7:19  Supply Depot  
  133  7:21  Supply Depot, Medivac x2  
  141  7:25  Engineering Bay  
  141  7:37  Marine x3  
  141  7:40  SCV x2  
  141  7:41  SCV  
  147  7:44  Supply Depot  
  147  7:45  Supply Depot  
  147  7:55  SCV x2  
  147  7:56  SCV  
  150  8:00  Marine x3  
  150  8:01  Medivac x2, Siege Tank  
  160  8:05  Armory  
  160  8:07  Barracks, SCV, Factory  
  160  8:09  Barracks  
  160  8:10  Supply Depot  
  160  8:11  SCV  
  160  8:12  SCV  
  163  8:18  Marine  
  163  8:19  Marine x2  
  166  8:21  SCV  
  179  8:43  Command Center  
Tags
 
Add a new tag
Caveats
  • Supply blocks, unpowered buildings, or Contaminate may cause inaccurate times.
  • Supply counts are checked every 10 seconds.